 Dungeon Crawl Stone Soup version 0.30.0-29-ga12c61a403 (webtiles) character file.

Game seed: 9584288712347771957

99649 booth the Cleaver (level 15, -12/119 HPs)
             Began as a Demonspawn Gladiator on June 10, 2023.
             Was the Champion of Okawaru.
             Killed from afar by Jorgrun (17 damage)
             ... with an iron shot
             ... while petrified by Jorgrun
             ... on level 2 of the Snake Pit on June 13, 2023.
             The game lasted 03:53:23 (30405 turns).

booth the Cleaver (Demonspawn Gladiator)           Turns: 30405, Time: 03:53:24

Health: -12/119    AC: 23    Str: 22    XL:     15   Next: 78%
Magic:  0/15       EV: -1    Int:  7    God:    Okawaru [******]
Gold:   298        SH:  0    Dex: 16    Spells: 14/14 levels left

rFire   + . .        g - +4 war axe (freeze)
rCold   + + .        v - +1 buckler {reflect}
rNeg    + + +        T - +7 Kryia's mail coat {PotionHeal*2 rC+}
rPois   ∞            (helmet unavailable)
rElec   .            z - scarf of the Mauling Gods {rC+ rF+, Str+2}
rCorr   .            J - +1 pair of gloves {Stlth+}
SInv    +            K - +1 pair of boots
Will    +++..        R - amulet of guardian spirit
Stlth   +            F - ring of poison resistance
HPRegen 0.39/turn    a - ring "Isoatwal" {Will+ Int-3 Slay+5}
MPRegen 0.14/turn

%: reflection, guardian spirit
@: petrified, constricted
A: antennae 3, molten scales 2, ignite blood 2, powered by death 2, demonic
willpower, MP-powered wands
a: Renounce Religion, Heroism, Finesse, Duel


You were on level 2 of the Snake Pit.
You worshipped Okawaru.
Okawaru was exalted by your worship.
You visited 5 branches of the dungeon, and saw 25 of its levels.
You visited 1 bazaar.
You also visited: Trove.

You collected 3711 gold pieces.
You spent 3413 gold pieces at shops.

Inventory:

Hand Weapons
 f - a +3 eveningstar of protection
 g - a +4 war axe of freezing (weapon)
 m - a +3 heavy hand axe
 n - a +4 heavy executioner's axe
 s - a +3 battleaxe of flaming
 O - a +2 heavy morningstar
Missiles
 d - a throwing net
 e - 11 javelins (quivered)
 l - 28 poisoned darts
 r - 2 boomerangs of dispersal
 t - 3 silver javelins
 w - 18 boomerangs
 H - 11 atropa-tipped darts
 L - a curare-tipped dart
 U - 3 silver boomerangs
 V - 5 datura-tipped darts
Armour
 v - a +1 buckler of reflection (worn)
 y - a +2 pair of gloves of infusion
 z - the scarf of the Mauling Gods (worn) {rC+ rF+, Str+2}
   (Okawaru gifted it to you on level 1 of the Orcish Mines)

   Str:       It affects your strength (+2).
 J - a +1 pair of gloves of stealth (worn)
 K - a +1 pair of boots (worn)
 T - the +7 Kryia's mail coat (worn) {PotionHeal*2 rC+}
   (You found it on level 9 of the Dungeon)

   PotionHeal*2: Potions heal its wearer twice as much.
   rC:        It protects you from cold.
Jewellery
 a - the ring "Isoatwal" (right hand) {Will+ Int-3 Slay+5}
   (You found it in a treasure trove)

   [ring of willpower]

   Int:       It affects your intelligence (-3).
   Slay:      It affects your accuracy & damage with ranged weapons and melee
   (+5).
   Will:      It increases your willpower.
 x - the ring "Axzaxu" {MP+9 Str+3}
   (You found it on level 7 of the Dungeon)

   [ring of magical power]

   Str:       It affects your strength (+3).
   MP:        It affects your magic capacity (+9).
 F - a ring of poison resistance (left hand)
 G - a +5 ring of evasion
 Q - a +6 ring of dexterity
 R - an amulet of guardian spirit (around neck)
 S - a ring of flight
 W - a ring of resist corrosion
Wands
 c - a wand of digging (21)
 p - a wand of mindburst (2)
 q - a wand of acid (15)
 N - a wand of iceblast (25)
 Y - a wand of flame (4)
Scrolls
 b - 11 scrolls of identify
 k - 10 scrolls of blinking
 o - 3 scrolls of amnesia
 A - 7 scrolls of teleportation
 C - a scroll of brand weapon
 P - 3 scrolls of fear
 X - a scroll of magic mapping
Potions
 h - 3 potions of cancellation
 i - 8 potions of haste
 j - a potion of magic {unknown}
 u - 2 potions of curing
 B - 2 potions of might
 D - a potion of brilliance
 E - a potion of resistance
 I - 5 potions of heal wounds
 M - 5 potions of flight
 Z - 2 potions of berserk rage


   Skills:
 + Level 11.4 Fighting
 + Level 11.8(13.0) Axes
 + Level 9.1(11.7) Maces & Flails
 + Level 10.4 Throwing
 + Level 10.3 Armour
 + Level 10.7 Dodging
 + Level 9.8 Shields


You had 14 spell levels left.
You didn't know any spells.
Your spell library contained the following spells:

 Spells                   Type           Power      Damage    Failure   Level
 Beastly Appendage        Tmut           0%         N/A       75%         1
 Cigotuvi's Dreadful Rot  Necr/Pois/Air  0%         N/A       87%         2
 Static Discharge         Conj/Air       0%         2-2/arc   87%         2
 Sublimation of Blood     Necr           0%         N/A       87%         2
 Wereblood                Tmut           0%         N/A       87%         2
 Dazzling Flash           Conj/Hex       0%         N/A       98%         3
 Ignite Poison            Fire/Tmut/Pois 0%         N/A       98%         3
 Inner Flame              Hex/Fire       0%         N/A       98%         3
 Stone Arrow              Conj/Erth      0%         3d7       98%         3
 Vhi's Electric Charge    Tloc/Air       0%         N/A       98%         3
 Volatile Blastmotes      Fire/Tloc      0%         2d10      98%         3
 Airstrike                Air            0%         2d(0-16)  100%        4
 Dispel Undead            Necr           0%         3d6       100%        4
 Flame Wave               Conj/Fire      0%         2d4       100%        4
 Iskenderun's Mystic Bla  Conj/Tloc      0%         2d3       100%        4
 Sticky Flame             Conj/Fire      0%         2d3       100%        4
 Arcjolt                  Conj/Air       0%         1d10      100%        5
 Blade Hands              Tmut           0%         N/A       100%        5
 Borgnjor's Vile Clutch   Necr/Erth      0%         N/A       100%        5
 Plasma Beam              Fire/Air       0%         2x1d11    100%        6
 Starburst                Conj/Fire      0%         6d3       100%        6
 Lehudib's Crystal Spear  Conj/Erth      0%         10d2      100%        8
 Animate Armour           Summ/Erth      Unusable   N/A       N/A         4
 Animate Dead             Necr           Unusable   N/A       N/A         4
 Summon Lightning Spire   Summ/Air       Unusable   N/A       N/A         4
 Death Channel            Necr           Unusable   N/A       N/A         6
 Summon Hydra             Summ           Unusable   N/A       N/A         7

Dungeon Overview and Level Annotations

Branches:
Dungeon (15/15)            Temple (1/1) D:4            Lair (5/5) D:10
 Shoals (0/4) Lair:2        Snake (1/4) Lair:2        Slime (0/5) Lair:4
    Orc (2/2) D:12            Elf (0/3) Orc:2        Vaults (0/5) D:13
 Depths (0/4) D:15

Altars:
Ashenzari
Cheibriados
Dithmenos
Fedhas
Gozag
Hepliaklqana
Kikubaaqudgha
Makhleb
Nemelex Xobeh
Okawaru
Qazlal
Ru
Sif Muna
Trog
Uskayaw
Vehumet
Wu Jian
Xom
Yredelemnul
Jiyva

Shops:
D:5 :=   D:7 [   D:8 **[(   D:9 :   D:12 :   D:14 (=*   Orc:2 !=*(   Snake:1 =*

Portals:
Pandemonium: Orc:2

Annotations:
D:9 1 runed translucent door
Lair:5 1 runed translucent door, cheesebisquit's ghost, journeyman TrFi
Snake:2 Jorgrun


Innate Abilities, Weirdness & Mutations

You have a pair of large antennae on your head. (SInv)
You are mostly covered in molten scales. (AC +3)
Your demonic aura often causes spilled blood to erupt in flames.
You regenerate health from kills.
You punish those that try to bend your will. (Will+)
You expend magic power (3 MP) to strengthen your wands.


Message History

The naga mage hits you from afar with a +0 spear!
The mana viper bites you but does no damage.
The naga hits you with a +0 short sword!
* * * LOW HITPOINT WARNING * * *
The naga constricts you.
The naga mage hits you but does no damage.
The naga mage hits you from afar with a +0 spear.
The naga mage hits you with a +0 flail.
* * * LOW HITPOINT WARNING * * *
The mana viper bites you!
* * * LOW HITPOINT WARNING * * *
The naga mage hits you from afar with a +0 spear!
* * * LOW HITPOINT WARNING * * *
The naga spits poison at you.
The splash of poison hits you but does no damage.
You resist. The naga constricts you. Jorgrun hits you but does no damage.
The naga mage hits you but does no damage.
A black mamba comes into view.
The mana viper bites you but does no damage.
The naga mage completely misses you.
A naga comes into view. It is wielding a +0 glaive.
The naga mage casts a spell.
The naga mage seems to speed up.
The naga mage hits you from afar with a +0 spear.
* * * LOW HITPOINT WARNING * * *
The naga hits you but does no damage. The naga constricts you.
The mana viper bites you.
* * * LOW HITPOINT WARNING * * *
The naga shouts!
You hear a shout!
Jorgrun is no longer moving slowly.
The naga mage hits you from afar with a +0 spear.
The naga mage hits you with a +0 flail!
* * * LOW HITPOINT WARNING * * *
The naga mage hits you but does no damage.
The mana viper bites you!
* * * LOW HITPOINT WARNING * * *
You feel your power leaking away. Jorgrun casts a spell at you.
The iron shot hits you!!
You die...

.... ## #....
##.# #.#..N
##...#
#...#.#
#..... .....#
#..... S....#
#.....#N.S..#
#...#@#...#


#gNS# #NN...# #.....# #.....# .#...#. ...#.#... .....#..... #..... .....# You
could see Jorgrun (poisoned), a shock serpent, a mana viper, a black mamba, 3
naga magi and 2 nagas.

Vanquished Creatures
  Josephine (D:14)
  4 hydras
  A vault guard (D:13)
  2 demonspawn (Orc:2)
  3 catoblepae (Lair:5)
  2 anacondas
  2 boulder beetles
  3 naga warriors (Snake:1)
  2 death knights
  4 centaur warriors
  A two-headed ogre (D:12)
  Urug (D:11)
  2 tengu warriors (D:14)
  6 death yaks (Lair:5)
  2 shock serpents (Snake:1)
  7 orc high priests (Orc:2)
  A skyshark (Lair:4)
  2 necromancers
  5 deep elf pyromancers
  7 orc sorcerers
  6 orc knights
  4 mana vipers (Snake:1)
  3 cyclopes
  3 manticores
  6 ugly things
  An oklob plant (Lair:3)
  2 shining eyes (Trove)
  Maurice (D:11)
  4 guardian serpents (Snake:1)
  21 elephants
  2 centaur zombies (D:15)
  6 naga magi
  6 cane toads
  13 black mambas
  A torpor snail (Lair:5)
  Maggie (D:6)
  4 gargoyles
  2 efreet
  8 komodo dragons
  2 tengu conjurers (D:14)
  3 rime drakes
  An ice devil (Orc:2)
  A rime drake (shapeshifter) (D:13)
  4 meliai
  4 trolls
  7 polar bears
  A hornet (D:7)
  19 blink frogs
  5 dream sheep (Lair:5)
  A meliai zombie (D:15)
  4 slime creatures (D:13)
  5 shadows (D:12)
  A vampire (D:11)
  Sigmund (D:3)
  A centaur simulacrum (D:15)
  7 wraiths
  58 yaks
  4 basilisks
  A chaos spawn (Orc:2)
  10 vampire mosquitoes
  2 wyverns
  Grum (D:11)
  A neqoxec (Orc:2)
  A steam dragon (D:8)
  2 wargs (Orc:1)
  13 nagas
  3 acid dragons
  6 water moccasins
  10 ice beasts
  24 orc warriors
  7 ogres
  18 wolves
  A phantom (D:7)
  13 centaurs
  2 kobold brigands
  A gnoll sergeant (D:8)
  3 scorpions
  10 bullfrogs
  A troll zombie (D:12)
  21 wights
  4 killer bees (D:10)
  2 electric eels (Lair:4)
  4 howler monkeys
  3 hounds
  29 orc priests
  3 jellies
  5 sleepcaps
  Ijyb (D:4)
  A human skeleton (D:9)
  3 iguanas
  16 orc wizards
  12 hell rats
  2 polar bear simulacra (Lair:3)
  2 yak simulacra (Lair:3)
  3 wolf simulacra (Lair:3)
  5 ogre zombies (D:12)
  15 gnolls
  6 adders
  A white imp (D:7)
  3 worms
  A dart slug (D:3)
  69 orcs
  2 bats
  An endoplasm (D:1)
  7 goblins
  5 hobgoblins
  8 jackals
  4 quokkas
  3 ball pythons
  2 frilled lizards
  A goblin skeleton (D:12)
  3 goblin zombies (D:12)
  3 hobgoblin skeletons (D:12)
  2 hobgoblin zombies (D:12)
  A jackal zombie (D:9)
  21 kobolds
  2 orc skeletons (D:12)
  8 orc zombies (D:12)
  6 rats
  4 river rat simulacra (Lair:3)
705 creatures vanquished.

Vanquished Creatures (others)
  A wizard (D:4)
  An orc (Orc:1)
2 creatures vanquished.

Grand Total: 707 creatures vanquished

Notes
Turn   | Place    | Note
-------+----------+-------------------------------------------
     0 | D:1      | booth the Demonspawn Gladiator began the quest for the Orb.
     0 | D:1      | Reached XP level 1. HP: 16/16 MP: 1/1
   325 | D:1      | Gained mutation: You regenerate a little health from kills.
                  | [demonic ancestry]
   325 | D:1      | Reached XP level 2. HP: 22/22 MP: 2/2
   798 | D:2      | Gained mutation: Your demonic aura sometimes causes spilled
                  | blood to erupt in flames. [demonic ancestry]
   798 | D:2      | Reached XP level 3. HP: 28/28 MP: 3/3
  1193 | D:2      | Reached XP level 4. HP: 33/34 MP: 4/4
  1738 | D:3      | Reached skill level 1 in Armour
  1738 | D:3      | Gained mutation: You are partially covered in molten
                  | scales. (AC +2) [demonic ancestry]
  1738 | D:3      | Reached XP level 5. HP: 34/40 MP: 5/5
  2037 | D:3      | Found a sparkling altar of Nemelex Xobeh.
  2037 | D:3      | Found an opulent altar of Gozag.
  2081 | D:3      | Noticed Sigmund
  2093 | D:3      | Killed Sigmund
  2094 | D:3      | Reached XP level 6. HP: 35/47 MP: 6/6
  2902 | D:4      | Found a sacrificial altar of Ru.
  2948 | D:4      | Noticed Ijyb
  2962 | D:4      | Killed Ijyb
  3074 | D:4      | Found a staircase to the Ecumenical Temple.
  3088 | Temple   | Entered the Ecumenical Temple
  3152 | Temple   | Became a worshipper of Warmaster Okawaru
  3397 | D:4      | Reached XP level 7. HP: 35/52 MP: 7/7
  3466 | D:4      | Found a bloodstained altar of Trog.
  3468 | D:4      | Noticed a wizard
  3473 | D:4      | Killed a wizard
  3602 | D:5      | Entered Level 5 of the Dungeon
  3635 | D:5      | Found a stormy altar of Qazlal.
  3652 | D:5      | Reached skill level 5 in Axes
  3864 | D:5      | Reached * piety under Okawaru
  4109 | D:5      | Found Ruma Awk's Book Shop.
  4253 | D:5      | Found Baxyceu's One-of-a-Kind Rings.
  4610 | D:6      | Gained mutation: Your demonic aura often causes spilled
                  | blood to erupt in flames. [demonic ancestry]
  4610 | D:6      | Reached XP level 8. HP: 40/60 MP: 8/8
  4834 | D:6      | Found a shadowy altar of Dithmenos.
  4858 | D:6      | Reached skill level 1 in Shields
  5042 | D:6      | Reached ** piety under Okawaru
  5049 | D:6      | Reached skill level 5 in Dodging
  5055 | D:6      | Reached skill level 5 in Fighting
  5055 | D:6      | Gained mutation: You have a pair of small antennae on your
                  | head. [demonic ancestry]
  5055 | D:6      | Reached XP level 9. HP: 41/68 MP: 9/9
  5058 | D:6      | Reached *** piety under Okawaru
  5258 | D:6      | Noticed Maggie
  5278 | D:6      | Killed Maggie
  6217 | D:7      | Identified the ring "Axzaxu" {MP+9 Str+3}
  6338 | D:7      | Reached skill level 5 in Throwing
  6623 | D:7      | Found Wimar's Armour Shoppe.
  6688 | D:7      | Paralysed by a hornet for 1 turns
  7219 | D:7      | Reached **** piety under Okawaru
  7379 | D:8      | Received a gift from Okawaru
  7523 | D:8      | Gained mutation: You have a pair of antennae on your head.
                  | [demonic ancestry]
  7523 | D:8      | Reached XP level 10. HP: 73/73 MP: 10/10
  7868 | D:8      | Reached skill level 5 in Armour
  8176 | D:8      | Found Zyorev's General Store.
  8186 | D:8      | Found Nivvar's General Store.
  8186 | D:8      | Found Ynuopazu's Armour Emporium.
  8197 | D:8      | Bought 4 boomerangs for 104 gold pieces
  8343 | D:8      | Bought a +0 buckler of protection for 149 gold pieces
  8609 | D:8      | Found Buesutyppi's Weapon Shop.
  8619 | D:8      | Reached skill level 1 in Maces & Flails
  9384 | D:9      | Found a runed translucent door.
  9388 | D:9      | Found a basalt altar of Yredelemnul.
  9774 | D:8      | Bought a scroll of enchant armour for 90 gold pieces
  9877 | D:9      | Reached ***** piety under Okawaru
  9955 | D:9      | Found a snail-covered altar of Cheibriados.
 10221 | D:9      | Found the +7 Kryia's mail coat {PotionHeal*2 rC+}
 10402 | D:9      | Found Caibruo's Book Shop.
 10627 | D:10     | Entered Level 10 of the Dungeon
 10707 | D:10     | Found a radiant altar of Vehumet.
 10932 | D:10     | Received a gift from Okawaru
 11003 | D:10     | Found an ornate altar of the Wu Jian Council.
 11004 | D:10     | Found a burning altar of Makhleb.
 11128 | D:10     | Found a staircase to the Lair.
 11155 | D:10     | Gained mutation: You regenerate health from kills. [demonic
                  | ancestry]
 11155 | D:10     | Reached XP level 11. HP: 79/83 MP: 11/11
 11578 | D:11     | Noticed Urug
 11593 | D:11     | Killed Urug
 11593 | D:11     | Received a gift from Okawaru
 11594 | D:11     | Reached skill level 5 in Shields
 12024 | D:11     | Noticed Maurice
 12045 | D:11     | Killed Maurice
 12214 | D:11     | Noticed Grum
 12222 | D:11     | Killed Grum
 12247 | D:11     | Got the Compilation of the Crushed Bones
 12260 | D:11     | Noticed a cyan ugly thing
 12292 | D:11     | Killed a cyan ugly thing
 12624 | D:11     | Found a broken altar of Ashenzari.
 12964 | D:11     | Identified the +8 short sword of Invincibility {flame,
                  | Drain +Blink Str+3 Dex+3}
 13376 | D:12     | Found a staircase to the Orcish Mines.
 13419 | D:12     | Found Tyjeaz's Book Emporium.
 13717 | D:12     | Noticed a deep elf pyromancer
 13726 | D:12     | Killed a deep elf pyromancer
 13833 | D:12     | Reached ****** piety under Okawaru
 13951 | D:12     | Noticed a deep elf pyromancer
 13963 | D:12     | Killed a deep elf pyromancer
 13963 | D:12     | Received a gift from Okawaru
 14121 | D:12     | Gained mutation: You punish those that try to bend your
                  | will. (Will+) [demonic ancestry]
 14121 | D:12     | Reached XP level 12. HP: 92/92 MP: 12/12
 14640 | D:13     | Noticed a two-headed ogre
 14649 | D:12     | Killed a two-headed ogre
 14649 | D:12     | Received a gift from Okawaru
 14713 | D:13     | Noticed a death knight
 14738 | D:13     | Killed a death knight
 14739 | D:13     | Reached skill level 5 in Maces & Flails
 15018 | D:13     | Received a gift from Okawaru
 15112 | D:13     | Noticed a boulder beetle
 15112 | D:13     | Noticed a centaur warrior
 15128 | D:13     | Killed a centaur warrior
 15129 | D:13     | Noticed a centaur warrior
 15139 | D:13     | Noticed a vault guard
 15145 | D:13     | Killed a vault guard
 15151 | D:13     | Killed a centaur warrior
 15151 | D:13     | Received a gift from Okawaru
 15188 | D:13     | Killed a boulder beetle
 15188 | D:13     | Received a gift from Okawaru
 15321 | D:13     | Found a gate to the Vaults.
 15590 | D:14     | Found Umemn's General Store.
 15600 | D:14     | Bought 2 scrolls of enchant weapon for 270 gold pieces
 15646 | D:14     | Noticed a centaur warrior
 15660 | D:14     | Killed a centaur warrior
 15660 | D:14     | Received a gift from Okawaru
 15858 | D:14     | Noticed a centaur warrior
 15867 | D:14     | Killed a centaur warrior
 15867 | D:14     | Received a gift from Okawaru
 16038 | D:14     | Found a portal to a secret trove of treasure.
 16114 | D:14     | Noticed Josephine
 16130 | D:14     | Killed Josephine
 16378 | D:14     | Found Zawes's Jewellery Emporium.
 16468 | D:14     | Noticed a tengu warrior
 16476 | D:14     | Noticed a tengu warrior
 16484 | D:14     | Killed a tengu warrior
 16485 | D:14     | Reached XP level 13. HP: 76/100 MP: 13/13
 16540 | D:14     | Reached skill level 10 in Axes
 16546 | D:14     | Identified the +2 robe "Lojeuge" {Int+3} (Okawaru gifted it
                  | to you on level 14 of the Dungeon)
 16546 | D:14     | Received a gift from Okawaru
 16631 | D:14     | Identified the +1 hand crossbow of Bloodstone {freeze,
                  | Contam Str+3 Dex+5}
 16655 | D:14     | Identified the +0 ring mail of Grace {Will++ Dex-4 Stlth+}
 16837 | D:14     | Found Qokkiynn's Antique Weapon Shop.
 16932 | D:15     | Entered Level 15 of the Dungeon
 17092 | D:15     | Found a radiant altar of Vehumet.
 18246 | D:15     | Found a staircase to the Depths.
 18574 | Lair:1   | Entered Level 1 of the Lair of Beasts
 19609 | Lair:2   | Found a staircase to the Snake Pit.
 19814 | Lair:2   | Received a gift from Okawaru
 19942 | Lair:2   | Found a staircase to the Shoals.
 20649 | Lair:2   | Gained mutation: You are mostly covered in molten scales.
                  | (AC +3) [demonic ancestry]
 20649 | Lair:2   | Reached XP level 14. HP: 109/109 MP: 14/14
 21172 | Lair:3   | Received a gift from Okawaru
 22988 | Lair:4   | Reached skill level 10 in Fighting
 23175 | Lair:4   | Received a gift from Okawaru
 23387 | Lair:4   | Found a staircase to the Slime Pits.
 23387 | Lair:4   | Found a viscous altar of Jiyva.
 23404 | Lair:4   | Received a gift from Okawaru
 24096 | Lair:5   | Entered Level 5 of the Lair of Beasts
 24161 | Lair:5   | Received a gift from Okawaru
 24216 | Lair:5   | Found a snail-covered altar of Cheibriados.
 24605 | Lair:5   | Found a runed translucent door.
 24606 | Lair:5   | Noticed cheesebisquit's ghost (journeyman TrFi)
 24642 | Lair:5   | Received a gift from Okawaru
 24890 | Lair:5   | Reached skill level 10 in Dodging
 25508 | D:5      | Bought the ring "Tur Vavu" {rPois MP+9 Slay+4} for 1162
                  | gold pieces
 25896 | D:14     | You paid a toll of the ring "Tur Vavu" to enter a treasure
                  | trove
 25897 | Trove    | Entered a treasure trove
 25902 | Trove    | Identified the ring "Isoatwal" {Will+ Int-3 Slay+5}
 25909 | Trove    | Gained mutation: You expend magic power (3 MP) to
                  | strengthen your wands. [a shining eye]
 25916 | Trove    | Gained mutation: You have a pair of large antennae on your
                  | head. (SInv) [demonic ancestry]
 25916 | Trove    | Reached XP level 15. HP: 117/117 MP: 15/15
 25957 | Trove    | Identified the +2 leather armour "Isoaqas" {Harm rN+}
 26201 | Lair:5   | Received a gift from Okawaru
 26872 | Orc:1    | Entered Level 1 of the Orcish Mines
 27141 | Orc:1    | Identified the scarf of the Mauling Gods {rC+ rF+, Str+2}
                  | (Okawaru gifted it to you on level 1 of the Orcish Mines)
 27141 | Orc:1    | Received a gift from Okawaru
 27355 | Orc:2    | Entered Level 2 of the Orcish Mines
 27749 | Orc:2    | Found a staircase to the Elven Halls.
 27987 | Orc:2    | Found Baatsuck's General Store.
 27991 | Orc:2    | Found Jetatu Joku's Distillery.
 28093 | Orc:2    | Reached skill level 10 in Throwing
 28491 | Orc:2    | Reached skill level 10 in Armour
 28519 | Orc:2    | Found Oloe's Antique Weapon Shop.
 28519 | Orc:2    | Found Xuocik's Jewellery Boutique.
 28522 | Orc:2    | Found a one-way gate leading to the halls of Pandemonium.
 28569 | Orc:2    | Bought a potion of heal wounds for 80 gold pieces
 28938 | D:14     | Bought a ring of poison resistance for 380 gold pieces
 29153 | Snake:1  | Entered Level 1 of the Snake Pit
 29162 | Snake:1  | Found a flickering gateway to a bazaar.
 29191 | Bazaar   | Entered a bazaar
 29217 | Bazaar   | Found Maugyary's Assorted Antiques.
 29226 | Bazaar   | Bought a scroll of brand weapon for 199 gold pieces
 29244 | Bazaar   | Found Naanemoo's Assorted Antiques.
 29286 | Bazaar   | Found Deshum's Antique Armour Shoppe.
 29776 | Snake:1  | Found Cadanito's Jewellery Boutique.
 29778 | Snake:1  | Found Wiemy's Assorted Antiques.
 29794 | Snake:1  | Bought a potion of heal wounds for 175 gold pieces
 29794 | Snake:1  | Bought a pair of embroidered gloves for 262 gold pieces
 29794 | Snake:1  | Bought a scroll of teleportation for 105 gold pieces
 29794 | Snake:1  | Bought a pair of glowing gloves for 262 gold pieces
 29794 | Snake:1  | Bought a potion of heal wounds for 175 gold pieces
 29968 | Snake:1  | Identified the +4 ring mail of the Conjuring Gods {Int+4}
                  | (Okawaru gifted it to you on level 1 of the Snake Pit)
 29968 | Snake:1  | Received a gift from Okawaru
 30385 | Snake:1  | You fall into a shaft and drop 1 floor!
 30386 | Snake:2  | Noticed Jorgrun
 30405 | Snake:2  | HP: 5/119 [mana viper (6)]
 30405 | Snake:2  | Killed from afar by Jorgrun

Illustrated notes

Levels and vault maps discovered:
D:1:      minmay_arrival_diagonal_passages, layout_basic, dk_noncrumbling_4,
          minmay_tripent
D:2:      minmay_evil_eye, layout_loops_ring
D:3:      layout_basic, grunt_temple_overflow_opulence, minmay_misc_feat_rugged,
          chequers_serial_rivers_room_b, kennysheep_cross_room,
          kennysheep_generic_room_12, uniq_sigmund
D:4:      layout_cave_pools, nicolae_ru_awakened_eye, trog_wizard,
          temple_statues, chequers_serial_rivers_micro_c,
          kennysheep_generic_room_14, uniq_ijyb
D:5:      layout_basic, mainiacjoe_overflow_cross_hatched,
          amcnicky_altar_gilded, serial_shops, shop, minmay_tree_intersection,
          nicolae_shop_unique_rings, nicolae_nh_ransacked_shop
D:6:      layout_gridville, mainiacjoe_overflow_small_starburst, zin_academy,
          kennysheep_generic_room_15, uniq_maggie
D:7:      layout_basic, serial_shops, shop
D:8:      layout_basic, serial_shops, shop, nicolae_shop_distant_corner_stores
D:9:      layout_basic, mainiacjoe_overflow_catwalk, dk_yredelemnul_ordeal,
          nicolae_tso_swordbearing_angel, serial_shops, shop
D:10:     layout_roguey, chequers_temple_overflow_statue_of_worship,
          lemuel_tele_altar, hellmonk_lair_entry_icy, kb_lookout_dungeons_type
D:11:     layout_stronghold, cheibrodos_ashenzari_chains, uniq_maurice,
          uniq_urug, uniq_grum
D:12:     layout_roguey, zombieorc1_lemuel, serial_shops,
          nicolae_shop_statue_plus, feat_on_display
D:13:     layout_cave_pools, david_vaults_5
D:14:     layout_irregular_city, serial_bayou_pond_e, serial_shops, shop, shop,
          kennysheep_mini, nicolae_trove_entry_isolated, uniq_josephine
D:15:     grunt_enter_depths_magical_seal, layout_basic, fiery_altar_vehumet,
          hangedman_corner_corridor
Temple:   hellmonk_temple_of_storms
Lair:1:   layout_small_grid, lemuel_fruit_fields
Lair:2:   layout_cave_pods, elwin_shoals_entry_rooms,
          guppyfry_snake_entry_garden, basic_altar
Lair:3:   layout_hall_layers, minmay_lair_oklob_bushes, eino_house_with_fridge
Lair:4:   layout_gridlike, slime_entry_1, beast_lair_carwin_10
Lair:5:   evilmike_catoblepas_cave, layout_loops_ring, basic_altar,
          gammafunk_ghost_grave, serial_bayou_shore_b, grunt_megastairs_2,
          serial_bayou_shore_b
Snake:1:  layout_onion, serial_shops, bzr_entry_customers,
          hangedman_snake_corridor_cut, grunt_megastairs_4, minmay_shoptagon
Snake:2:  nicolae_snakescales, layout_misc_corridors, basic_altar,
          guppyfry_library_mini, uniq_jorgrun, uniq_aizul, uniq_nikola
Orc:1:    layout_diamond_mine, basic_altar
Orc:2:    pf_orc_diabolical, layout_caves

Skill      XL: |  1  2  3  4  5  6  7  8  9 10 11 12 13 14 15 |
---------------+----------------------------------------------+-----
Throwing       | 2 3 4 5 6 7 8 9 10 | 10.4
Axes           | 3 4 5 6 7 8 9 10 11 | 11.8
Dodging        | 3 4 5 6 7 8 9 10 | 10.7
Armour         | 1 2 3 4 5 6 7 8 9 10 | 10.3
Fighting       | 3 4 5 6 7 8 9 10 11 | 11.4
Shields        | 2 3 4 6 7 8 9 |  9.8
Maces & Flails | 3 4 6 7 8 9 |  9.1

Action                     |  1- 3 |  4- 6 |  7- 9 | 10-12 | 13-15 || total
---------------------------+-------+-------+-------+-------+-------++-------
  Melee: War axe           |    10 |       |       |       |   490 ||   500
         Hand axe          |    41 |   115 |   325 |   802 |   419 ||  1702
         Punch             |       |     1 |     1 |       |       ||     2
         Mace              |       |       |       |     6 |       ||     6
         Flail             |       |       |       |       |   148 ||   148
  Throw: Dart              |     6 |     5 |     7 |    24 |     3 ||    45
         Javelin           |       |     1 |     2 |    24 |    27 ||    54
         Boomerang         |       |       |     3 |     7 |       ||    10
         Throwing net      |       |       |       |     2 |       ||     2
 Invoke: Heroism           |       |       |     2 |       |     2 ||     4
    Use: Scroll            |     3 |     7 |    10 |     9 |     7 ||    36
         Potion            |       |     7 |     4 |     3 |     6 ||    20
   Stab: Distracted        |       |       |     1 |       |       ||     1
         Invisible         |       |       |       |     1 |       ||     1
 Armour: Leather armour    |     8 |    15 |       |       |       ||    23
         Robe              |       |    12 |    76 |    66 |       ||   154
         Scale mail        |       |       |       |   193 |   421 ||   614
  Dodge: Dodged            |    22 |    76 |   179 |   558 |   839 ||  1674
  Block: Buckler           |       |       |    31 |   247 |   367 ||   645
         Reflection        |       |       |       |       |    13 ||    13
